 Dungeon Crawl Stone Soup version 0.29-a0-218-gf2abdc9806 (webtiles) character file.

Game seed: 15011983228877945219

435 Colgate the Conjurer (level 6, -7/41 HPs)
             Began as a Demonspawn Conjurer on Feb 25, 2022.
             Was a Follower of Uskayaw.
             Mangled by a wight
             ... wielding a +3 hand axe
              (8 damage)
             ... on level 4 of the Dungeon.
             The game lasted 00:13:05 (3981 turns).

Colgate the Conjurer (Demonspawn Conjurer)          Turns: 3981, Time: 00:13:06

Health: -7/41      AC:  3    Str:  7    XL:     6   Next: 68%
Magic:  3/10       EV: 12    Int: 22    God:    Uskayaw [*.....]
Gold:   129        SH:  0    Dex: 11    Spells: 4/11 levels left

rFire   . . .      SeeInvis .   c - +4 quarterstaff
rCold   . . .      Faith    .   (shield currently unavailable)
rNeg    . . .      Spirit   .   a - +0 robe
rPois   .          Reflect  .   (helmet restricted)
rElec   .          Harm     .   (no cloak)
rCorr   .          Rampage  .   (no gloves)
Will    .....                   (no boots)
Stlth   ++........              (no amulet)
HPRegen 0.13/turn               (no ring)
MPRegen 0.24/turn               (no ring)

@: no status effects
A: horns 1, magic regeneration, sharp scales 1
a: Renounce Religion, Stomp


You were on level 4 of the Dungeon.
You worshipped Uskayaw.
Uskayaw was noncommittal.
You visited 1 branch of the dungeon, and saw 4 of its levels.

You collected 129 gold pieces.

Inventory:

Hand Weapons
 c - a +4 quarterstaff (weapon)
 p - a +1 flail of venom
 q - a +0 arbalest
Missiles
 g - 4 datura-tipped darts
Armour
 a - a +0 robe (worn)
 o - the +3 leather armour of the Pink Corner {-Tele rN++ Int+3 Stlth+}
   (You took it off a gnoll on level 3 of the Dungeon)

   Int:       It affects your intelligence (+3).
   rN:        It greatly protects you from negative energy.
   -Tele:     It prevents most forms of teleportation.
   Stlth:     It makes you more stealthy.
Jewellery
 m - a ring of protection from cold
Scrolls
 e - a scroll of enchant weapon {unknown}
 h - a scroll of fog
 i - a scroll of immolation {unknown}
 j - a scroll of blinking {unknown}
 k - a scroll of fear {unknown}
 l - a scroll of teleportation {unknown}
 n - a scroll of amnesia {unknown}
Potions
 b - 3 potions of curing {@q1}
 d - a potion of berserk rage
 f - 2 potions of flight


   Skills:
 - Level 1.7 Dodging
 - Level 1.7 Stealth
 - Level 3.0 Spellcasting
 + Level 7.2 Conjurations
 - Level 2.2 Hexes


You had 4 spell levels left.
You knew the following spells:

 Your Spells              Type           Power      Damage    Failure   Level
a - Magic Dart            Conj           100%       1d8       1%          1
b - Searing Ray           Conj           70%        2d7       1%          2
c - Fulminant Prism       Conj/Hex       12%        3d9       17%         4

Your spell library contained the following spells:

 Spells                   Type           Power      Damage    Failure   Level
 Dazzling Flash           Conj/Hex       48%        N/A       5%          3
 Iskenderun's Mystic Bla  Conj/Tloc      19%        2d6       28%         4


Dungeon Overview and Level Annotations

Branches:
Dungeon (4/15)
 Temple: D:4-7

Altars:
Uskayaw

Annotations:
D:3 3 runed translucent doors kallion takana juttuja, Colgate's ghost, amateur DsCj


Innate Abilities, Weirdness & Mutations

You have a pair of small horns on your head.
You regenerate magic rapidly.
You are partially covered in razor-sharp scales. (AC +1, Slay +1)


Message History

The ball python bites your fulminant prism but does no damage.
The ball python grabs your fulminant prism.
The ball python constricts your fulminant prism.
Your fulminant prism explodes!
The blast of energy engulfs the ball python!!
You kill the ball python!
You hear a shout! x2
Okay, then.
Unknown command.
A wight comes into view. It is wielding a +3 hand axe.
Casting: Fulminant Prism (quite dangerous; 17% risk of failure)
Aiming: Fulminant Prism (quite dangerous; 17% risk of failure)
You conjure a prism of explosive energy!
A fulminant prism comes into view.
You hear a loud crackle.
You hear an explosion!
You hear a shout! x3
Things that are here:
a +0 robe; a +4 long sword A wight is nearby!
Casting: Fulminant Prism (quite dangerous; 17% risk of failure)
Aiming: Fulminant Prism (quite dangerous; 17% risk of failure)
You miscast Fulminant Prism.
You are very lightly contaminated with residual magic.
Nothing appears to happen.
Casting: Fulminant Prism (quite dangerous; 17% risk of failure)
You don't have enough magic to cast this spell.
Casting: Fulminant Prism (quite dangerous; 17% risk of failure)
You don't have enough magic to cast this spell.
You see here a hobgoblin corpse.
Casting: Fulminant Prism (quite dangerous; 17% risk of failure)
Aiming: Fulminant Prism (quite dangerous; 17% risk of failure)
You miscast Fulminant Prism.
Nothing appears to happen.
You barely miss the wight. Your headbutt misses the wight.
The wight hits you with a +3 hand axe!
* * * LOW HITPOINT WARNING * * *
Your magical contamination has completely faded away.
You hit the wight but do no damage. The wight hits you with a +3 hand axe.
* * * LOW HITPOINT WARNING * * *
The wight hits you with a +3 hand axe!
You die...

.#####..###.#
#.# ........#
#.######<###
#######.#
#.z.*..z....
#.#
########....
#.# ##### #.#
###.# #.z##
#@## #..#
#.... #.#.⌠..
#.#......
..####... ..#
.⌠. ..# ..


You could see a wight.

Vanquished Creatures
  A scorpion (D:4)
  2 wights
  A jelly (D:4)
  A gnoll shaman (D:3)
  Terence (D:3)
  Robin (D:3)
  5 gnolls (D:3)
  7 adders
  A worm (D:3)
  3 dart slugs
  2 orcs (D:3)
  3 endoplasms
  2 giant cockroaches
  8 hobgoblins
  2 jackals (D:3)
  2 quokkas
  12 ball pythons
  9 bats
  A frilled lizard (D:2)
  14 goblins
  7 kobolds
  4 rats
89 creatures vanquished.

Vanquished Creatures (others)
  11 fulminant prisms
  33 plants
44 creatures vanquished.

Grand Total: 133 creatures vanquished

Notes
Turn   | Place    | Note
-------+----------+-------------------------------------------
     0 | D:1      | Colgate the Demonspawn Conjurer began the quest for the
                  | Orb.
     0 | D:1      | Reached XP level 1. HP: 13/13 MP: 3/3
   355 | D:1      | Found a faded altar of an unknown god.
   371 | D:1      | Prayed at the altar of an unknown god.
   371 | D:1      | Became a worshipper of Uskayaw the Reveller
   371 | D:1      | Reached * piety under Uskayaw
   409 | D:1      | Gained mutation: You regenerate magic rapidly. [demonic
                  | ancestry]
   409 | D:1      | Reached XP level 2. HP: 18/19 MP: 0/5
   412 | D:1      | Learned a level 2 spell: Searing Ray
   811 | D:1      | Reached ** piety under Uskayaw
  1040 | D:2      | Reached skill level 5 in Conjurations
  1089 | D:2      | Gained mutation: You have a pair of small horns on your
                  | head. [demonic ancestry]
  1089 | D:2      | Reached XP level 3. HP: 21/24 MP: 2/6
  2000 | D:2      | Gained mutation: You are partially covered in razor-sharp
                  | scales. (AC +1, Slay +1) [demonic ancestry]
  2000 | D:2      | Reached XP level 4. HP: 30/30 MP: 3/7
  2180 | D:2      | Reached skill level 6 in Conjurations
  2185 | D:2      | Learned a level 4 spell: Fulminant Prism
  2345 | D:3      | Noticed Robin
  2346 | D:3      | Reached skill level 1 in Hexes
  2361 | D:3      | Killed Robin
  2512 | D:3      | Found a runed translucent gate.
  2516 | D:3      | Found a runed translucent gate.
  2516 | D:3      | Found a runed translucent gate.
  2516 | D:3      | Noticed Colgate's ghost (amateur DsCj)
  2605 | D:3      | Reached XP level 5. HP: 17/35 MP: 1/8
  2607 | D:3      | Reached *** piety under Uskayaw
  2964 | D:3      | Identified the +3 leather armour of the Pink Corner {-Tele
                  | rN++ Int+3 Stlth+}
  3036 | D:3      | Noticed Terence
  3069 | D:3      | Killed Terence
  3520 | D:4      | Reached XP level 6. HP: 33/41 MP: 1/10
  3882 | D:4      | Reached skill level 7 in Conjurations
  3981 | D:4      | HP: 1/41 [wight/+3 hand axe (6)]
  3981 | D:4      | Mangled by a wight

Illustrated notes

Levels and vault maps discovered:
D:1:      lightli_arrival_boilingwater, layout_loops_ring,
          chequers_ecumenical_altar_simple_redux
D:2:      layout_basic, serial_bayou_lagoon_a, minmay_snake_closets
D:3:      layout_basic, gammafunk_ghost_split, serial_glass, glass_columns_a,
          glass_columns_a, due_unseen_surprise, uniq_terence, uniq_robin
D:4:      cheibrodos_old_hovel, layout_loops_ring, xom_teletrap_fun,
          minmay_temple_entry_junction, ebering_ghost_reflecting_pool,
          hangedman_decor_push, minmay_box_of_dots, uniq_crazy_yiuf_cottage

Skill      XL: |  1  2  3  4  5  6 |
---------------+-------------------+-----
Conjurations   | 5 6 7 |  7.2
Hexes          | 2 |  2.2
Spellcasting   | 3 |  3.0
Dodging        | |  1.7
Stealth        | |  1.7

Action                   |  1- 3 |  4- 6 || total
-------------------------+-------+-------++-------
Melee: Quarterstaff      |    11 |    38 ||    49
       Headbutt          |     1 |     6 ||     7
 Cast: Magic Dart        |    34 |    26 ||    60
       Searing Ray       |    20 |    19 ||    39
       Fulminant Prism   |       |    11 ||    11
Invok: Line Pass         |       |     1 ||     1
  Use: Scroll            |       |     4 ||     4
Armor: Robe              |     5 |     9 ||    14
Dodge: Dodged            |     6 |    27 ||    33

Table legend: (Time is in decaauts)
 A = Elapsed time spent in this place.
 B = Non-inter-level travel time spent in this place.
 C = Inter-level travel time spent in this place.
 D = Time resting spent in this place.
 E = Time spent auto-exploring this place.
 F = Levels seen in this place.
 G = Mean time per level.
                   A        B        C        D        E       F      G
               +--------+--------+--------+--------+--------+-----+--------+
         Total |   4020 |   3923 |     97 |      0 |   3329 |   4 | 1005.0 |
       Dungeon |   4020 |   3923 |     97 |      0 |   3329 |   4 | 1005.0 |
               +--------+--------+--------+--------+--------+-----+--------+

Top non-repeatable levels by time:
     D:3: 1512 daAuts
     D:2: 1305 daAuts
     D:1: 980 daAuts
     D:4: 221 daAuts
